AoeStats
← 平民老百姓

QS Arena

503647074Analyzed
4v4 RM · 1mo ago on Sep 1, 2026· 47m 34s· 8 players
Game mode
Random Map
Map size
Large (8 player)
Population
200
Speed
Normal
Resources
Standard
Victory
Conquest
Starting age
Dark Age
Ending age
Imperial Age
RankedLock teamsTeams togetherTeam positionsShared explorationLock speedFull tech treeHidden civsTurbo modeCheats
Victory
Defeat
🇹🇼 Spanish · Taiwan
1215
+16
🇻🇳 Japanese · Vietnam
1212
+16
🇪🇸 Vikings · Spain
1208
+16
🇲🇽 Khmer · Mexico
1196
+16
🇲🇽 Aztecs · Mexico
1274
-19
🇦🇷 Byzantines · Argentina
1195
-15
🇩🇪 Persians · Germany
1183
-15
🇺🇸 Koreans · United States
1168
-14
kw3dsky
7:51 Feudal Age
13:46 Castle Age
12:27 Stone Mining
12:24 Double-Bit Axe
12:36 Horse Collar
13:06 Gold Mining
14:56 Wheelbarrow
21:01 Bow Saw
21:09 Scale Mail Armor
22:02 Squires
24:32 Hand Cart
24:55 Chain Mail Armor
29:42 Imperial Age
28:11 Gold Shaft Mining
27:59 Fletching
28:10 Padded Archer Armor
28:19 Heavy Plow
28:45 Bodkin Arrow
30:08 Elite Skirmisher
31:24 Forging
31:39 Bracer
32:22 Conscription
32:55 Leather Archer Armor
34:17 Elite Samurai
35:37 Iron Casting
36:13 Town Watch
36:14 Loom
37:14 Ring Archer Armor
37:45 Blast Furnace
36:29 Treadmill Crane
37:54 Chemistry
37:43 Kataparuto
38:47 Plate Mail Armor
39:22 Fortified Wall
41:05 Hoardings
40:22 Pikeman
40:48 Arson
41:36 Halberdier
canflauta
6:42 Loom
8:49 Feudal Age
12:29 Castle Age
10:45 Double-Bit Axe
11:32 Horse Collar
13:31 Bow Saw
17:18 Town Watch
18:18 Heavy Plow
25:44 Imperial Age
23:07 Stone Mining
23:08 Gold Mining
23:26 Scale Mail Armor
23:37 Forging
23:32 Pikeman
24:05 Man-at-Arms
24:46 Squires
24:56 Gambesons
25:14 Arson
25:11 Long Swordsman
26:49 Chain Mail Armor
27:09 Iron Casting
26:25 Two-Handed Swordsman
29:17 Plate Mail Armor
28:38 Fletching
30:07 Gold Shaft Mining
31:24 Two-Man Saw
30:23 Capped Ram
32:54 Blast Furnace
31:50 Bodkin Arrow
32:16 Chieftains
32:21 Onager
33:53 Crop Rotation
33:54 Siege Ram
34:20 Champion
39:58 Ballistics
40:38 Chemistry
39:49 Masonry
42:41 Bracer
44:27 Conscription
44:43 Hoardings
43:58 Elite Skirmisher
45:00 Padded Archer Armor
46:46 Leather Archer Armor
47:04 Architecture
46:30 Murder Holes
平民老百姓
1:36 Loom
9:10 Feudal Age
13:54 Castle Age
12:10 Horse Collar
12:24 Double-Bit Axe
13:03 Stone Mining
13:40 Fletching
16:51 Heavy Plow
21:53 Bow Saw
21:49 Gold Mining
24:48 Imperial Age
23:23 Bodkin Arrow
23:29 Padded Archer Armor
24:34 Wheelbarrow
25:17 Leather Archer Armor
31:00 Hoardings
32:41 Conscription
35:48 Pikeman
36:28 Squires
37:43 Two-Man Saw
36:57 Forging
36:47 Scale Mail Armor
36:34 Halberdier
38:19 Iron Casting
39:11 Chain Mail Armor
44:00 Arson
45:26 Stone Shaft Mining
46:54 Hand Cart
DSLG | Archu
7:51 Feudal Age
7:59 Loom
9:23 Loom
12:27 Castle Age
10:45 Double-Bit Axe
10:45 Horse Collar
12:44 Light Cavalry
14:23 Husbandry
20:36 Wheelbarrow
20:13 Town Watch
23:11 Hand Cart
23:01 Town Patrol
27:07 Imperial Age
24:53 Bow Saw
24:44 Heavy Plow
24:39 Gold Mining
26:04 Stone Mining
26:31 Bloodlines
27:06 Coinage
28:48 Gold Shaft Mining
28:33 Elite Battle Elephant
29:22 Scale Barding Armor
29:27 Forging
30:37 Tusk Swords
31:08 Chain Barding Armor
32:25 Devotion
32:47 Sanctity
32:37 Fervor
33:23 Iron Casting
34:18 Stone Shaft Mining
34:51 Conscription
35:46 Plate Barding Armor
35:03 Fletching
37:31 Crop Rotation
36:45 Heavy Scorpion
39:15 Chemistry
38:35 Ballistics
38:22 Siege Engineers
38:27 Masonry
44:31 Double Crossbow
46:27 Caravan
46:57 Banking
TacoLgando
2:39 Loom
8:45 Feudal Age
13:05 Castle Age
11:37 Double-Bit Axe
23:21 Redemption
23:36 Bow Saw
23:18 Horse Collar
23:05 Crossbowman
25:21 Fletching
25:42 Forging
28:59 Bodkin Arrow
30:49 Gold Mining
31:03 Heavy Plow
35:51 Imperial Age
34:00 Wheelbarrow
33:10 Town Watch
34:05 Wheelbarrow
33:16 Town Watch
34:10 Iron Casting
33:36 Scale Mail Armor
33:36 Padded Archer Armor
34:36 Fortified Wall
34:46 Ballistics
35:17 Atlatl
34:40 Elite Skirmisher
36:57 Arbalester
38:41 Chemistry
38:43 Blast Furnace
37:59 Chain Mail Armor
37:44 Bracer
37:34 Pikeman
38:14 Squires
38:00 Gambesons
38:43 Leather Archer Armor
40:33 Man-at-Arms
44:18 Eagle Warrior
47:46 Bracer
48:02 Chain Mail Armor
MrDuffyMcDuff
8:24 Feudal Age
13:03 Castle Age
11:35 Double-Bit Axe
11:42 Horse Collar
12:29 Stone Mining
14:40 Bow Saw
17:16 Wheelbarrow
17:34 Heavy Plow
19:30 Loom
19:42 Gold Mining
20:52 Stone Shaft Mining
22:45 Gold Shaft Mining
24:50 Hand Cart
29:15 Imperial Age
26:45 Fletching
28:15 Squires
28:13 Bodkin Arrow
28:39 Thumb Ring
28:30 Treadmill Crane
29:11 Ballistics
28:18 Crossbowman
28:34 Crossbowman
29:44 Arbalester
30:49 Bracer
31:39 Conscription
32:48 Chemistry
31:59 Masonry
31:42 Arrowslits
32:06 Siege Engineers
33:16 Heavy Rocket Cart
41:16 Scale Barding Armor
41:22 Forging
41:53 Husbandry
41:15 Light Cavalry
42:20 Chain Barding Armor
42:03 Hussar
43:56 Iron Casting
Basuuu
2:29 Loom
8:10 Feudal Age
11:51 Castle Age
9:51 Double-Bit Axe
13:00 Wheelbarrow
12:13 Horse Collar
16:07 Heavy Plow
18:27 Hand Cart
23:35 Imperial Age
21:11 Gold Mining
21:40 Stone Mining
23:03 Scale Barding Armor
23:11 Forging
26:13 Chain Barding Armor
26:28 Iron Casting
28:55 Conscription
30:24 Elite War Elephant
32:10 Plate Barding Armor
32:36 Blast Furnace
43:52 Ballistics
44:50 Murder Holes
45:56 Chemistry
45:38 Caravan
46:05 Fletching
46:16 Padded Archer Armor
JLCrocck
5:54 Loom
7:57 Feudal Age
11:49 Castle Age
13:01 Wheelbarrow
14:03 Horse Collar
18:02 Fletching
18:45 Double-Bit Axe
26:39 Imperial Age
24:28 Padded Archer Armor
27:23 Hand Cart
27:42 Elite Skirmisher
29:29 Chemistry
29:44 Bodkin Arrow
31:22 Ballistics
32:31 Scale Mail Armor
32:42 Forging
31:56 Pikeman
32:37 Squires
32:44 Halberdier
35:19 Bow Saw
36:57 Heavy Plow
38:25 Chain Mail Armor
38:46 Leather Archer Armor
39:32 Bracer
40:47 Plate Mail Armor
41:21 Iron Casting
46:33 Ring Archer Armor
Connection lost

Rejoining the realm…

Still unreachable

The connection could not be restored.

Session expired

The server has moved on; the page needs a fresh start.